 Dungeon Sprint DCSS version 0.31.0-32-g396128a36d (webtiles) character file.

Game seed: 13462823684084845825

2704 Groucho the Geomancer (level 9, -2/45 HPs)
             Began as a Spriggan Earth Elementalist on Mar 15, 2024.
             Was a High Priest of Sif Muna.
             Slain by a sixfirhy (12 damage)
             ... in the Dungeon (Sprint VII: "The Pits").
             The game lasted 00:06:29 (3124 turns).

Groucho the Geomancer (Spriggan Earth Elementalist) Turns: 3124, Time: 00:06:29

Health: -2/45      AC:  3    Str:  4    XL:     9   Next: 39%
Magic:  16/24      EV: 20    Int: 24    God:    Sif Muna [*****.]
Gold:   0          SH:  0    Dex: 15    Spells: 20/28 levels left

rFire   . . .        h - +2 dagger
rCold   . . .        (no shield)
rNeg    . . .        a - +0 robe
rPois   .            (helmet restricted)
rElec   .            s - +0 cloak
rCorr   .            (gloves unavailable)
SInv    +            (boots unavailable)
Will    +....        (no amulet)
Stlth   +++          n - +3 ring of evasion
HPRegen 0.27/turn    o - +3 ring of intelligence
MPRegen 0.19/turn

%: no teleportation
@: very quick
A: very small, no large weapons, unfitting armour, see invisible, speed 3
a: Renounce Religion, Channel Magic, Forget Spell, Divine Exegesis


You were in the Dungeon.
You worshipped Sif Muna.
Sif Muna was extremely pleased with you.
You visited 1 branch

Inventory:

Hand Weapons
 h - a +2 dagger (weapon)
 r - a +2 rapier of electrocution
Missiles
 m - 10 stones
Armour
 a - a +0 robe (worn)
 e - a +0 troll leather armour {Pargi}
 s - a +0 cloak (worn)
Jewellery
 n - a +3 ring of evasion (left hand)
 o - a +3 ring of intelligence (right hand)
Scrolls
 g - a scroll of blinking
 j - 2 scrolls of vulnerability
 k - 5 scrolls of amnesia
 l - a scroll of butterflies
Potions
 b - 5 potions of magic
 c - 7 potions of curing
 d - 10 potions of heal wounds
 f - 5 potions of berserk rage
 i - 2 potions of invisibility
 p - a potion of brilliance
 q - 2 potions of might


   Skills:
 + Level 4.3 Fighting
 - Level 5.0 Short Blades
 - Level 2.6 Dodging
 - Level 7.0 Stealth
 + Level 10.2 Spellcasting
 * Level 9.0 Conjurations
 * Level 11.1 Earth Magic
 + Level 5.6 Alchemy
 + Level 6.8 Invocations


You had 20 spell levels left.
You knew the following spells:

 Your Spells              Type           Power      Damage    Failure   Level
a - Sandblast             Erth           100%       2d20      1%          1
b - Stone Arrow           Conj/Erth      100%       3d13      1%          3
c - Petrify               Alch/Erth      51%        N/A       1%          4

Your spell library contained the following spells:

 Spells                   Type           Power      Damage    Failure   Level
 Sting                    Conj/Alch      100%       1d9       1%          1
 Static Discharge         Conj/Air       68%        3-6/arc   1%          2
 Passwall                 Erth           60%        N/A       1%          3
 Brom's Barrelling Bould  Conj/Erth      57%        2d7       1%          4
 Iskenderun's Battlesphe  Conj           54%        2d10      3%          5
 Fireball                 Conj/Fire      17%        3d9       22%         5


Dungeon Overview and Level Annotations

Branches:
Dungeon (1/1)

Altars:
Ashenzari
Cheibriados
Dithmenos
Elyvilon
Fedhas
Gozag
Hepliaklqana
Kikubaaqudgha
Makhleb
Nemelex Xobeh
Okawaru
Qazlal
Ru
Sif Muna
Trog
Uskayaw
Vehumet
Wu Jian
Xom
Yredelemnul
Zin
The Shining One
Jiyva
Lugonu


Innate Abilities, Weirdness & Mutations

You are very small and have problems with some larger weapons.
You are too small for most types of armour.
You have supernaturally acute eyesight. (SInv)
You cover ground extremely quickly. (Speed+++)


Message History

Psyche the Insane Magess comes into view.
She is wielding a +0 dagger of chaos.
There is a huge open gate to the Metal Vault (Medium) here.
Psyche gestures wildly while chanting.
A swirling arc of seething chaos appears!
The arc of chaos hits you!
The arc of chaos grounds out.
There is a huge open gate to the Metal Vault (Medium) here.
You start resting.
Psyche is nearby!
Aiming: Stone Arrow (safe; 1% risk of failure)
Press: ? - help, Q - select action, (/) - cycle Shift-Dir - straight line, f - Psyche
Aim: Psyche, wielding a +0 dagger of chaos and wearing a +0 robe (75% to hit)
The stone arrow hits Psyche!!
Psyche is heavily wounded.
Unknown command.
Unknown command.
Aiming: Stone Arrow (safe; 1% risk of failure)
Press: ? - help, Q - select action, (/) - cycle Shift-Dir - straight line, f/p - Psyche
Aim: Psyche, wielding a +0 dagger of chaos and wearing a +0 robe (heavily wounded, 75% to hit)
The stone arrow hits Psyche!!
You kill Psyche!
Sif Muna accepts your kill.
Your Conjurations skill increases to level 9!
Your Earth Magic skill increases to level 11!
Unknown command.
Unknown command.
A sixfirhy comes into view.
Things that are here:
a +0 dagger of chaos; a +0 robe; the human corpse of Psyche
Aiming: Stone Arrow (safe; 1% risk of failure)
Press: ? - help, Q - select action, (/) - cycle Shift-Dir - straight line, f - sixfirhy
Aim: a sixfirhy (50% to hit)
The stone arrow hits the sixfirhy!
The sixfirhy is heavily wounded.
The sixfirhy hits you! The sixfirhy shocks you! The sixfirhy barely misses you.
Unknown command.
The sixfirhy attacks as it pursues you! The sixfirhy misses you.
The sixfirhy hits you!
* * * LOW HITPOINT WARNING * * *
The sixfirhy shocks you!
You die...

______.# ______.#
____...###########++######
######'##................#
.')))'.##......#..#......#
######.##................+
....)).))................+
###'#####รท.....#..#......#
....#..##.......@3.......#
....#))#####'#####''######
#'###))##.......##''#####
....#))##.......##......+
....#[[##.......##......+
##'##'###...<...##.....##
.......##.......##...###
.......##.......##..##
#########.......##''#


You could see a sixfirhy.

Vanquished Creatures
  2 death yaks (D)
  A smoke demon (D)
  Psyche (D)
  2 fire bats (D)
  A warg (D)
  Edmund (D)
  A water moccasin (D)
  Pargi (D)
  A black bear (D)
  A wolf (D)
  A necrophage (D)
  An orc priest (D)
  An orc wizard (D)
  5 orcs (D)
  An endoplasm (D)
  2 giant cockroaches (D)
  4 jackals (D)
  2 quokkas (D)
  A ball python (D)
  A bat (D)
  A frilled lizard (D)
  A rat (D)
33 creatures vanquished.

Notes
Turn   | Place    | Note
-------+----------+-------------------------------------------
     0 | D        | Groucho the Spriggan Earth Elementalist began the quest for
                  | the Orb.
     0 | D        | Reached XP level 1. HP: 9/9 MP: 5/5
    13 | D        | Reached skill level 1 in Conjurations
    13 | D        | Reached skill level 3 in Earth Magic
   388 | D        | Found a glowing golden altar of the Shining One.
   388 | D        | Found a glowing silver altar of Zin.
   388 | D        | Found a basalt altar of Yredelemnul.
   388 | D        | Found a shimmering altar of Xom.
   388 | D        | Found an ornate altar of the Wu Jian Council.
   388 | D        | Found a bloodstained altar of Trog.
   388 | D        | Found a shimmering blue altar of Sif Muna.
   388 | D        | Found a sacrificial altar of Ru.
   388 | D        | Found a stormy altar of Qazlal.
   388 | D        | Found an iron altar of Okawaru.
   388 | D        | Found a sparkling altar of Nemelex Xobeh.
   388 | D        | Found a burning altar of Makhleb.
   388 | D        | Found a viscous altar of Jiyva.
   388 | D        | Found a hazy altar of Hepliaklqana.
   388 | D        | Found an opulent altar of Gozag.
   388 | D        | Found a blossoming altar of Fedhas.
   388 | D        | Found a white marble altar of Elyvilon.
   388 | D        | Found a shadowy altar of Dithmenos.
   388 | D        | Found a snail-covered altar of Cheibriados.
   389 | D        | Found a radiant altar of Vehumet.
   389 | D        | Found a corrupted altar of Lugonu.
   390 | D        | Found an ancient bone altar of Kikubaaqudgha.
   390 | D        | Found a hide-covered altar of Uskayaw.
   390 | D        | Found a broken altar of Ashenzari.
   391 | D        | Became a worshipper of Sif Muna the Loreminder
   416 | D        | Reached XP level 2. HP: 11/13 MP: 2/7
   680 | D        | Reached * piety under Sif Muna
   705 | D        | Noticed Pargi
   767 | D        | Killed Pargi
   768 | D        | Reached skill level 5 in Spellcasting
   768 | D        | Reached skill level 5 in Earth Magic
   768 | D        | Reached XP level 3. HP: 16/16 MP: 7/11
   768 | D        | Reached XP level 4. HP: 21/21 MP: 7/12
   982 | D        | Learned a level 3 spell: Stone Arrow
   991 | D        | Reached ** piety under Sif Muna
  1036 | D        | Noticed a black bear
  1037 | D        | Noticed a wolf
  1047 | D        | Reached skill level 6 in Earth Magic
  1062 | D        | Killed a black bear
  1062 | D        | Reached *** piety under Sif Muna
  1063 | D        | Reached skill level 5 in Conjurations
  1063 | D        | Reached skill level 7 in Earth Magic
  1063 | D        | Reached XP level 5. HP: 24/24 MP: 2/15
  1100 | D        | Reached XP level 6. HP: 28/28 MP: 2/17
  1152 | D        | Noticed a fire bat
  1163 | D        | Killed a fire bat
  1164 | D        | Reached skill level 8 in Earth Magic
  1247 | D        | Reached **** piety under Sif Muna
  1256 | D        | Learned a level 4 spell: Petrify
  1404 | D        | Reached skill level 1 in Short Blades
  1404 | D        | Reached skill level 1 in Alchemy
  1404 | D        | Reached XP level 7. HP: 16/32 MP: 12/19
  1501 | D        | Noticed a fire bat
  1503 | D        | Killed a fire bat
  1504 | D        | Reached skill level 1 in Fighting
  1504 | D        | Reached skill level 9 in Earth Magic
  1740 | D        | Noticed a smoke demon
  1744 | D        | Killed a smoke demon
  1744 | D        | Reached ***** piety under Sif Muna
  1745 | D        | Reached skill level 5 in Stealth
  1745 | D        | Reached skill level 5 in Invocations
  2021 | D        | Noticed Edmund
  2033 | D        | Killed Edmund
  2034 | D        | Reached XP level 8. HP: 27/39 MP: 6/21
  2127 | D        | Noticed a death yak
  2128 | D        | Received a gift from Sif Muna
  2131 | D        | Got Sif Muna's Encyclopedia of Concussion {god gift}
  2149 | D        | Killed a death yak
  2150 | D        | Reached skill level 10 in Earth Magic
  2589 | D        | Noticed a death yak
  2739 | D        | Killed a death yak
  2740 | D        | Reached skill level 5 in Short Blades
  2740 | D        | Reached skill level 10 in Spellcasting
  2740 | D        | Reached skill level 5 in Alchemy
  2740 | D        | Reached XP level 9. HP: 23/45 MP: 4/24
  3107 | D        | Noticed Psyche
  3119 | D        | Killed Psyche
  3120 | D        | Reached skill level 11 in Earth Magic
  3121 | D        | Noticed a sixfirhy
  3124 | D        | Slain by a sixfirhy

Illustrated notes

Levels and vault maps discovered:
D:        pitsprint [storerooms_1, entrance_room_1, metal_vault_4, armoury_2,
          mini_pit_1, grid_room_1, main_hall_1, silver_pit, the_coven_2,
          the_vestibule_1, steel_vault_5, golden_pit, hallway_of_sentries,
          crystal_vault_1, iron_vault_4, final_vault]

Skill      XL: |  1  2  3  4  5  6  7  8  9 |
---------------+----------------------------+-----
Conjurations   | 1 4 5 6 7 8 9 |  9.0
Earth Magic    | 3 5 7 8 9 10 11 | 11.1
Spellcasting   | 3 5 6 7 8 10 | 10.2
Invocations    | 2 4 5 6 |  6.8
Short Blades   | 1 3 5 |  5.0
Alchemy        | 1 3 5 |  5.6
Fighting       | 2 4 |  4.3
Stealth        | 5 7 |  7.0
Dodging        | |  2.6

Action                     |  1- 3 |  4- 6 |  7- 9 || total
---------------------------+-------+-------+-------++-------
   Cast: Sandblast         |    24 |    16 |     1 ||    41
         Stone Arrow       |       |     8 |    37 ||    45
 Invoke: Channel Magic     |     1 |       |     2 ||     3
    Use: Potion            |     1 |       |       ||     1
 Armour: Robe              |     2 |     3 |     7 ||    12
  Dodge: Dodged            |     4 |     3 |     9 ||    16
